 Dungeon Crawl Stone Soup version 0.30-a0-1085-g990a428a5c (webtiles) character file.

Game seed: 14324070432972175365

97 gelatine the Trooper (level 4, -3/28 (35) HPs)
             Began as a Demonspawn Fighter on Apr 16, 2023.
             Slain by a wight
             ... wielding a +0 war axe
              (7 damage)
             ... on level 3 of the Dungeon.
             The game lasted 00:04:19 (1968 turns).

gelatine the Trooper (Demonspawn Fighter)           Turns: 1968, Time: 00:04:19

HP:   -3/28 (35)    AC:  8    Str: 19    XL:     4   Next: 42%
MP:   4/4           EV: 10    Int:  9    God:
Gold: 105           SH:  4    Dex: 12    Spells: 3/3 levels left

rFire   . . .      SeeInvis .    a - +0 flail
rCold   . . .      Faith    .    c - +0 buckler
rNeg    . . .      Spirit   .    m - +0 ring mail
rPois   .          Reflect  .    (no helmet)
rElec   .          Rampage  .    k - +0 cloak
rCorr   .                        (no gloves)
Will    .....                    q - +0 pair of boots
Stlth   +                        (no amulet)
HPRegen 0.24/turn                (no ring)
MPRegen 0.09/turn                (no ring)

@: heavily drained
A: demonic guardian 1
a: no special abilities


You were on level 3 of the Dungeon.
You visited 1 branch of the dungeon, and saw 3 of its levels.

You collected 105 gold pieces.

Inventory:

Hand Weapons
 a - a +0 flail (weapon)
Missiles
 j - 2 boomerangs (quivered)
Armour
 b - a +0 scale mail
 c - a +0 buckler (worn)
 k - a +0 cloak (worn)
 l - a +0 leather armour
 m - a +0 ring mail (worn)
 q - a +0 pair of boots (worn)
Magical Staves
 u - a staff of air
Jewellery
 t - an amulet of faith
Scrolls
 e - 2 scrolls of teleportation {unknown}
 g - a scroll of poison {unknown}
 i - 2 scrolls of identify {unknown}
 n - a scroll of enchant weapon {unknown}
 p - a scroll of immolation {unknown}
 v - a scroll of butterflies {unknown}
 w - a scroll of vulnerability {unknown}
Potions
 d - 2 potions of might
 f - a potion of berserk rage {unknown}
 h - a potion of flight {unknown}
 o - a potion of lignification {unknown}
 r - 2 potions of curing {unknown}
 s - a potion of brilliance {unknown}


   Skills:
 * Level 3.5 Fighting
 + Level 2.4 Maces & Flails
 * Level 3.3 Armour
 * Level 0.9 Dodging
 * Level 0.9 Stealth
 * Level 3.1 Shields


You had 3 spell levels left.
You didn't know any spells.
Your spell library contained the following spells:

 Spells                   Type           Power      Damage    Failure   Level
 Ensorcelled Hibernation  Hex/Ice        0%         N/A       80%         2
 Sublimation of Blood     Necr           0%         N/A       80%         2
 Wereblood                Tmut           0%         N/A       80%         2
 Spider Form              Tmut/Pois      0%         N/A       95%         3
 Anguish                  Hex/Necr       0%         N/A       100%        4
 Summon Hydra             Summ           0%         N/A       100%        7


Dungeon Overview and Level Annotations

Branches:
Dungeon (3/15)

Altars:


Innate Abilities, Weirdness & Mutations

A weak demonic guardian rushes to your aid.


Message History

You kill the jackal!
The goblin barely misses you.
You hit the goblin.
The goblin is severely wounded.
The goblin hits you with a +0 club.
You barely miss the goblin.
The goblin is severely wounded.
The goblin hits you but does no damage.
You hit the goblin.
You kill the goblin!
The orc hits you with a +0 dagger.
You hit the orc but do no damage. The orc hits you but does no damage.
You hit the orc.
The orc is heavily wounded.
The orc barely misses you.
You closely miss the orc.
The orc is heavily wounded.
The orc closely misses you. The orc hits you but does no damage.
You closely miss the orc.
The orc is heavily wounded.
The orc hits you but does no damage.
You hit the orc.
You kill the orc!
You closely miss the wight. The wight closely misses you.
You closely miss the wight. The wight hits you with a +0 war axe.
You feel drained. The wight hits you with a +0 war axe!
You feel drained.
You barely miss the wight. You block the wight's attack.
You hit the wight but do no damage. You block the wight's attack.
You hit the wight but do no damage. The wight hits you with a +0 war axe.
The wight closely misses you.
The endoplasm jiggles.
You barely miss the wight. The wight hits you with a +0 war axe.
You feel drained.
You sock the wight!
The wight is heavily damaged.
The wight hits you with a +0 war axe.
* * * LOW HITPOINT WARNING * * *
A demonic guardian appears!
You feel drained. You block the wight's attack.
The wight hits you with a +0 war axe!
You die...

####..#####
..##.#..... .##
.......# #..
##.<.###### #..
##.†.....# #..
###.##.##.# ..
#...##.##.# .##
#.####.##.#######..#
#.# #....##....@5.#
#.#
####÷....##z##......
#.###.....####.J.
##...
#.##....###..#...# .
..##...##.#..#...#
#...<#.'†.#..#...#
..####.##.#.†#...#
### #..###..#...# #
##...##'#


You could see a wight (ally target), an endoplasm and a friendly ufetubus
(summoned).

Vanquished Creatures
  2 gnolls (D:3)
  3 dart slugs
  5 orcs (D:3)
  3 ball pythons
  A bat (D:3)
  2 endoplasms (D:3)
  3 giant cockroaches
  4 hobgoblins
  8 jackals
  2 quokkas
  2 frilled lizards (D:3)
  4 goblins
  3 kobolds (D:2)
  3 rats
45 creatures vanquished.

Vanquished Creatures (collateral kills)
  A gnoll (D:3)
  A worm (D:3)
  A goblin (D:2)
  A ball python (D:3)
4 creatures vanquished.

Grand Total: 49 creatures vanquished

Notes
Turn   | Place    | Note
-------+----------+-------------------------------------------
     0 | D:1      | gelatine the Demonspawn Fighter began the quest for the
                  | Orb.
     0 | D:1      | Reached XP level 1. HP: 18/18 MP: 1/1
   420 | D:1      | Gained mutation: A weak demonic guardian rushes to your
                  | aid. [demonic ancestry]
   420 | D:1      | Reached XP level 2. HP: 24/24 MP: 2/2
   939 | D:2      | Reached XP level 3. HP: 29/29 MP: 3/3
  1740 | D:3      | Reached XP level 4. HP: 26/35 MP: 4/4
  1968 | D:3      | Slain by a wight

Illustrated notes

Levels and vault maps discovered:
D:1:      lightli_arrival_flooded_house, layout_basic, bh_walls_and_bars
D:2:      layout_basic, minmay_heptomino_w4
D:3:      layout_rooms, hellmonk_ecumenical_altar_leap_of_faith, st_stairs_13,
          minmay_divided_ellipse

Skill      XL: |  1  2  3 |
---------------+----------+-----
Armour         | 3 |  3.3
Maces & Flails | 2 |  2.4
Shields        | 3 |  3.1
Fighting       | |  3.5
Dodging        | |  0.9
Stealth        | |  0.9

Action                     |  1- 3 |  4- 6 || total
---------------------------+-------+-------++-------
  Melee: Flail             |   113 |    52 ||   165
  Throw: Boomerang         |       |     1 ||     1
   Stab: Distracted        |     1 |       ||     1
 Armour: Scale mail        |    18 |       ||    18
         Ring mail         |    27 |    18 ||    45
  Dodge: Dodged            |    57 |    23 ||    80
  Block: Buckler           |    26 |    11 ||    37

Table legend: (Time is in decaauts)
 A = Elapsed time spent in this place.
 B = Non-inter-level travel time spent in this place.
 C = Inter-level travel time spent in this place.
 D = Time resting spent in this place.
 E = Time spent auto-exploring this place.
 F = Levels seen in this place.
 G = Mean time per level.
                   A        B        C        D        E       F      G
               +--------+--------+--------+--------+--------+-----+--------+
         Total |   2024 |   1965 |     59 |      0 |   1431 |   3 |  674.7 |
       Dungeon |   2024 |   1965 |     59 |      0 |   1431 |   3 |  674.7 |
               +--------+--------+--------+--------+--------+-----+--------+

Top non-repeatable levels by time:
     D:2: 828 daAuts
     D:1: 779 daAuts
     D:3: 415 daAuts
